AoeStats
← PJ2

Golden Pit

508959816Analyzed
1v1 RM · 7d ago on Sep 24, 2026· 27m 26s· 2 players
Game mode
Random Map
Map size
Tiny (2 player)
Population
200
Speed
Normal
Resources
Standard
Victory
Conquest
Starting age
Dark Age
Ending age
Imperial Age
RankedLock teamsTeams togetherTeam positionsShared explorationLock speedFull tech treeHidden civsTurbo modeCheats
Victory
Defeat
🇺🇸 Mongols · United States
978
+17
🇺🇸 Malians · United States
1000
-17
PJ2
6:23 Loom
9:20 Feudal Age
9:58 Double-Bit Axe
11:16 Horse Collar
13:16 Forging
21:09 Castle Age
21:06 Bloodlines
21:26 Scale Barding Armor
21:13 Fletching
22:43 Bow Saw
22:41 Husbandry
23:21 Heavy Plow
24:38 Town Watch
FloatingBard
11:28 Feudal Age
13:32 Loom
17:09 Castle Age
18:02 Double-Bit Axe
22:27 Bow Saw
24:56 Horse Collar
25:16 Gold Mining
25:43 Fletching
26:27 Heavy Plow
Connection lost

Rejoining the realm…

Still unreachable

The connection could not be restored.

Session expired

The server has moved on; the page needs a fresh start.